 Dungeon Crawl Stone Soup version 0.30.1-11-g7821555f0a (webtiles) character file.

Game seed: 16954919642800529827

67 ChrisAssaf the Magician (level 4, 0/31 HPs)
             Began as a Djinni Fire Elementalist on Nov 28, 2023.
             Slain by an orc
             ... wielding a +0 short sword
              (1 damage)
             ... on level 4 of the Dungeon.
             The game lasted 00:05:53 (687 turns).

ChrisAssaf the Magician (Djinni Fire Elementalist)   Turns: 687, Time: 00:05:53

Health: 0/31       AC:  2    Str: 13    XL:     4   Next: 40%
Gold:   56         EV: 12    Int: 16    God:
                   SH:  0    Dex: 12

rFire   + + .        b - +0 short sword
rCold   x . .        (no shield)
rNeg    . . .        a - +0 robe
rPois   ∞            (no helmet)
rElec   +            (no cloak)
rCorr   .            (no gloves)
SInv    .            (boots unavailable)
Will    .....        (no amulet)
Stlth   ++           g - +4 ring of slaying
HPRegen 0.25/turn    (no ring)
MPRegen 0.00/turn

%: infuse magic (-1 HP)
@: flying, very slightly contaminated, hasted, very quick
A: sickness immunity, fire resistance 2, cold vulnerability 1, float, innate
caster, HP casting, extra vitality 1, mutation resistance 1, electricity
resistance, strong 1
a: no special abilities


You were on level 4 of the Dungeon.
You visited 1 branch of the dungeon, and saw 4 of its levels.

You collected 56 gold pieces.

Inventory:

Hand Weapons
 b - a +0 short sword (weapon)
Armour
 a - a +0 robe (worn)
Jewellery
 g - a +4 ring of slaying (left hand)
Scrolls
 e - a scroll of poison
Potions
 c - 2 potions of flight


   Skills:
 * Level 0.7 Fighting
 * Level 0.5 Short Blades
 * Level 0.6 Armour
 * Level 2.6 Dodging
 * Level 1.7 Stealth
 * Level 3.2 Spellcasting


You knew the following spells:

 Your Spells              Type           Power      Damage    Failure   Level
a - Foxfire               Conj/Fire      52%        2x1d6     4%          1
b - Scorch                Fire           26%        2d6       7%          2
c - Volatile Blastmotes   Fire/Tloc      26%        2d12      14%         3
d - Inner Flame           Hex/Fire       13%        N/A       14%         3
e - Flame Wave            Conj/Fire      13%        2d6       43%         4
f - Apportation           Tloc           26%        N/A       4%          1
Your spell library was empty.

Dungeon Overview and Level Annotations

Branches:
Dungeon (4/15)
 Temple: D:4-7

Altars:


Innate Abilities, Weirdness & Mutations

You are immune to sickness and miasma.
You are immune to poison.
Your flesh is very heat resistant. (rF++)
You are vulnerable to cold. (rC-)
You float through the air rather than walking.
You learn spells naturally, not from books.
Your magical power is your life essence.
You have superior vitality. (+4 MHP)
You are somewhat resistant to further mutation.
You are resistant to electric shocks. (rElec)
Your muscles are strong. (Str +4, Int/Dex -1)


Message History

The orc's wounds heal themselves!
Casting: Scorch (safe; 7% risk of failure)
Confirm with . or Enter, or press ? or * to list all spells.
You miscast Foxfire.
Nothing appears to happen.
The orc is no longer more vulnerable to fire.
The hobgoblin closely misses you. The orc closely misses you.
The orc priest attacks as you move away!
The orc priest completely misses you. The hobgoblin attacks as you move away!
The hobgoblin hits you.
The orc priest calls upon Beogh to heal the orc.
The orc's wounds heal themselves!
Casting: Foxfire (safe; 4% risk of failure)
Confirm with . or Enter, or press ? or * to list all spells.
You conjure some foxfire!
The hobgoblin completely misses you. The orc hits you with a +0 flail.
* * * LOW HITPOINT WARNING * * *
The orc barely misses you. The orc attacks as you move away!
The orc hits you with a +0 short sword.
* * * LOW HITPOINT WARNING * * *
The orc attacks as you move away! The orc closely misses you.
The foxfire hits the orc.
The orc is lightly wounded.
The foxfire hits the orc but does no damage.
The orc is lightly wounded.
The hobgoblin closely misses you.
As you read the scroll of identify, it crumbles to dust.
e - a scroll of poison The hobgoblin misses you.
The orc barely misses you.
As you read the scroll labelled JOABEARCH ZOCHAO, it crumbles to dust.
The creatures around you are filled with an inner flame!
It was a scroll of immolation.
The orc priest calls upon Beogh to heal the orc.
The orc's wounds heal themselves!
The hobgoblin barely misses you. The orc closely misses you. x2
It was a potion of haste.
You feel yourself speed up. The orc priest closely misses you.
The hobgoblin completely misses you. The orc hits you with a +0 flail.
* * * LOW HITPOINT WARNING * * *
The orc hits you with a +0 short sword.
You die...

#...............##
##...##...........
###.##....)......
#...#..)........
#..##.........).
##...............
##......#.........
#.....go#.....##..
#.)...o@##.....# .
#....#.o.####[..#
##...##### ##.#
#####


You could see an orc priest (inner flame), 2 orcs and a hobgoblin (inner flame).

Vanquished Creatures
  4 adders
  A dart slug (D:3)
  3 orcs
  3 ball pythons
  4 bats
  3 endoplasms
  3 hobgoblins
  A quokka (D:3)
  4 kobolds
26 creatures vanquished.

Vanquished Creatures (others)
  42 foxfires
42 creatures vanquished.

Grand Total: 68 creatures vanquished

Notes
Turn   | Place    | Note
-------+----------+-------------------------------------------
     0 | D:1      | ChrisAssaf the Djinni Fire Elementalist began the quest for
                  | the Orb.
     0 | D:1      | ChrisAssaf set off with the following spells memorised:
                  | Foxfire, Scorch, Volatile Blastmotes, Inner Flame, Flame
                  | Wave.
     0 | D:1      | Reached XP level 1. HP: 15/15 MP: 0/0
   155 | D:1      | Reached XP level 2. HP: 15/21 MP: 0/0
   251 | D:2      | Reached XP level 3. HP: 19/26 MP: 0/0
   251 | D:2      | Learned a level 1 spell: Apportation
   254 | D:2      | Reached skill level 3 in Spellcasting
   371 | D:3      | Gained mutation: You are somewhat resistant to further
                  | mutation. [potion of mutation]
   371 | D:3      | Gained mutation: Your muscles are strong. (Str +4, Int/Dex
                  | -1) [potion of mutation]
   371 | D:3      | Gained mutation: You are resistant to electric shocks.
                  | (rElec) [potion of mutation]
   381 | D:3      | HP: 1/26 [hobgoblin (3)]
   547 | D:3      | Reached XP level 4. HP: 26/31 MP: 0/0
   687 | D:4      | HP: 1/31 [orc/+0 flail (6)]
   687 | D:4      | Slain by an orc

Illustrated notes

Levels and vault maps discovered:
D:1:      dpeg_arrival_rooms_b, layout_basic
D:2:      layout_basic, serial_shops, shop
D:3:      layout_rooms
D:4:      layout_cave_pools, mainiacjoe_overflow_surrounded_room,
          mainiacjoe_overflow_paths, minmay_temple_entry_trees

Skill      XL: |  1  2  3 |
---------------+----------+-----
Spellcasting   | 3 |  3.2
Fighting       | |  0.7
Short Blades   | |  0.5
Armour         | |  0.6
Dodging        | |  2.6
Stealth        | |  1.7

Action                     |  1- 3 |  4- 6 || total
---------------------------+-------+-------++-------
  Melee: Short sword       |    10 |     5 ||    15
   Cast: Foxfire           |    16 |     9 ||    25
         Scorch            |    11 |     5 ||    16
         Inner Flame       |     2 |     1 ||     3
         Apportation       |       |     2 ||     2
    Use: Scroll            |     2 |     2 ||     4
         Potion            |     1 |     3 ||     4
 Armour: Robe              |    14 |     1 ||    15
  Dodge: Dodged            |    43 |    34 ||    77
